 Dungeon Crawl Stone Soup version 0.28.0 (webtiles) character file.

Game seed: 10180853167730593372

193 HallandMoats the Skirmisher (level 5, -2/46 HPs)
             Began as a Ghoul Fighter on Feb 8, 2022.
             Was a Follower of Cheibriados.
             Slain by a gnoll shaman (6 damage)
             ... on level 4 of the Dungeon.
             The game lasted 00:02:39 (3198 turns).

HallandMoats the Skirmisher (Ghoul Fighter)         Turns: 3198, Time: 00:02:39

Health: -2/46      AC:  9    Str: 22    XL:     5   Next: 72%
Magic:  5/5        EV:  9    Int:  7    God:    Cheibriados [*.....]
Gold:   132        SH:  4    Dex: 10    Spells: 4/4 levels left

rFire   . . .      SeeInvis .   a - +0 trident
rCold   + . .      Faith    .   c - +0 buckler
rNeg    + + +      Spirit   .   b - +0 scale mail
rPois   ∞          Reflect  .   e - +2 helmet
rElec   .          Harm     .   (no cloak)
rCorr   .          Rampage  .   (no gloves)
Will    .....                   (no boots)
Stlth   ..........              (no amulet)
HPRegen 0.00/turn               (no ring)
MPRegen 0.09/turn               (no ring)

@: inhibited regen, very slow
A: claws 1, cold resistance 1, negative energy resistance 3, inhibited
regeneration, torment resistance 2
a: Renounce Religion, Bend Time


You were on level 4 of the Dungeon.
You worshipped Cheibriados.
Cheibriados was aware of your devotion.
You visited 1 branch of the dungeon, and saw 4 of its levels.

You collected 132 gold pieces.

Inventory:

Hand Weapons
 a - a +0 trident (weapon)
Missiles
 n - a throwing net (quivered)
Armour
 b - a +0 scale mail (worn)
 c - a +0 buckler (worn)
 e - a +2 helmet (worn)
Scrolls
 f - a scroll of brand weapon {unknown}
 h - 2 scrolls of identify {unknown}
 m - 2 scrolls of immolation {unknown}
 p - 2 scrolls of teleportation {unknown}
Potions
 d - a potion of might
 g - a potion of curing {unknown}
 i - a potion of attraction {unknown}
 j - a potion of ambrosia {unknown}
 k - a potion of flight {unknown}
 l - a potion of berserk rage {unknown}
 o - a potion of haste {unknown}


   Skills:
 * Level 4.3 Fighting
 * Level 2.8 Polearms
 + Level 3.1 Armour
 + Level 1.2 Dodging
 + Level 3.1 Shields
 * Level 2.6 Invocations


You had 4 spell levels left.
You didn't know any spells.
Your spell library contained the following spells:

 Spells                   Type           Power      Damage    Failure   Level
 Blink                    Tloc           0%         N/A       94%         2
 Lesser Beckoning         Tloc           0%         N/A       99%         3
 Stone Arrow              Conj/Erth      0%         3d7       99%         3
 Animate Armour           Summ/Erth      0%         N/A       100%        4
 Manifold Assault         Tloc           0%         N/A       100%        5
 Lehudib's Crystal Spear  Conj/Erth      0%         10d2      100%        8


Dungeon Overview and Level Annotations

Branches:
Dungeon (4/15)
 Temple: D:4-7

Altars:
Cheibriados
Gozag

Shops:
D:1 :


Innate Abilities, Weirdness & Mutations

You thrive by killing the living.
You are immune to poison.
You have sharp fingernails.
Your flesh is cold resistant. (rC+)
You are immune to negative energy. (rN+++)
You do not regenerate when monsters are visible.
You are immune to unholy pain and torment.


Message History

The gnoll shaman is heavily wounded.
The gnoll hits you from afar with a +0 spear. x2
Something hits you.
The gnoll shaman hits you but does no damage.
The gnoll hits you from afar with a +0 spear.
Reach: a) +0 trident
Press: ? - help, Dir - move target, f/p - gnoll shaman
Aim: a gnoll shaman, wielding a +0 whip and wearing a +0 robe (heavily wounded, about 39% to evade your +0 trident)
You hit the gnoll shaman but do no damage.
The gnoll shaman is heavily wounded.
The gnoll hits you from afar with a +0 spear.
Something hits you but does no damage. The gnoll shaman barely misses you.
The gnoll hits you but does no damage. You block the gnoll's attack.
Reach: a) +0 trident
Press: ? - help, Dir - move target, f/p - gnoll shaman
Aim: a gnoll shaman, wielding a +0 whip and wearing a +0 robe (heavily wounded, about 39% to evade your +0 trident)
You puncture the gnoll shaman!
The gnoll shaman is almost dead.
You hear some strange, mumbled words.
A puff of flame appears from out of thin air!
The puff of flame hits you.
The gnoll shaman prays to its god.
The gnoll shaman is healed somewhat.
The gnoll barely misses you. The gnoll hits you but does no damage.
Something hits you but does no damage.
Reach: a) +0 trident
Press: ? - help, Dir - move target, f/p - gnoll shaman
Aim: a gnoll shaman, wielding a +0 whip and wearing a +0 robe (heavily wounded, about 39% to evade your +0 trident)
You barely miss the gnoll shaman.
The gnoll shaman is heavily wounded.
The gnoll shaman hits you with a +0 whip!
* * * LOW HITPOINT WARNING * * *
The gnoll hits you from afar with a +0 spear.
* * * LOW HITPOINT WARNING * * *
The gnoll closely misses you.
You hear some strange, mumbled words.
A magic dart appears from out of thin air!
The magic dart hits you.
* * * LOW HITPOINT WARNING * * *
The gnoll shaman hits you with a +0 whip.
You die...

#.......... .....
#................
#................
#................
#................
#..o...# ........
#..g...# ........
########gg.#.###.......
#.....@g{..............
########g.)#.#####.....
#.......# ##....
#.#.#.#.# ##...
#.#.#.#.# ####
#.#.#.#.##########
#.#.#.............
#.#.#.#.##########
#.#.#.#.#


You could see a gnoll shaman, 3 gnolls and a hobgoblin.

Vanquished Creatures
  5 gnolls
  7 adders
  4 worms (D:2)
  A dart slug (D:2)
  7 orcs
  4 bats
  7 endoplasms
  2 giant cockroaches
  4 goblins
  3 hobgoblins
  4 jackals (D:2)
  2 quokkas
  4 ball pythons
  3 frilled lizards
  3 kobolds
  A quokka skeleton (D:4)
  4 rats
65 creatures vanquished.

Notes
Turn   | Place    | Note
-------+----------+-------------------------------------------
     0 | D:1      | HallandMoats the Ghoul Fighter began the quest for the Orb.
     0 | D:1      | Reached XP level 1. HP: 19/19 MP: 0/0
    31 | D:1      | You fall into a shaft and drop 1 floor!
   101 | D:1      | Reached XP level 2. HP: 26/26 MP: 1/1
   140 | D:1      | Found Utiz Sik's Book Shoppe.
   814 | D:2      | Reached skill level 1 in Invocations
   814 | D:2      | Reached XP level 3. HP: 31/31 MP: 2/2
  1394 | D:2      | Reached XP level 4. HP: 11/40 MP: 4/4
  2285 | D:3      | Reached skill level 1 in Dodging
  2293 | D:3      | Found a snail-covered altar of Cheibriados.
  2324 | D:3      | Became a worshipper of Cheibriados the Contemplative
  2373 | D:3      | Found an opulent altar of Gozag.
  2452 | D:3      | Reached skill level 4 in Fighting
  2591 | D:3      | Reached XP level 5. HP: 34/46 MP: 5/5
  3169 | D:4      | Reached * piety under Cheibriados
  3198 | D:4      | Slain by a gnoll shaman

Illustrated notes

Levels and vault maps discovered:
D:1:      psy_arrival_dodecagon, layout_loops_ring, serial_shops,
          nicolae_shop_stone, feat_on_display
D:2:      layout_basic, minmay_misc_feat_rows,
          hangedman_abyss_or_decor_lesser_grid, grunt_ministairs_2,
          kennysheep_another_room
D:3:      layout_loops_ring, mainiacjoe_overflow_tiny_flanked,
          nicolae_gozag_cash_rules_everything_around_me, minmay_misc_feat_tiny
D:4:      layout_basic, lemuel_tele_altar, minivault_11,
          chequers_serial_rivers_large_b

Skill      XL: |  1  2  3  4 |
---------------+-------------+-----
Polearms       | 2 |  2.8
Invocations    | 1 2 |  2.6
Shields        | 3 |  3.1
Dodging        | 1 |  1.2
Armour         | 3 |  3.1
Fighting       | 4 |  4.3

Action                   |  1- 3 |  4- 6 || total
-------------------------+-------+-------++-------
Melee: Trident           |   111 |   137 ||   248
Armor: Scale mail        |    40 |    64 ||   104
Dodge: Dodged            |    37 |    54 ||    91
Block: Buckler           |     8 |    23 ||    31
